 Dungeon Crawl Stone Soup version 0.27.1-2-g3b301248ec (webtiles) character file.

Game seed: 11247822726947742235

746 Araneus the Covert (level 7, -7/45 HPs)
             Began as an Octopode Brigand on Oct 4, 2021.
             Mangled by an ogre (18 damage)
             ... on level 4 of the Dungeon.
             The game lasted 00:11:13 (3488 turns).

Araneus the Covert (Octopode Brigand)               Turns: 3488, Time: 00:11:13

Health: -7/45      AC:  1    Str: 10    XL:     7   Next: 77%
Magic:  7/7        EV: 13    Int: 13    God:
Gold:   165        SH:  0    Dex: 22    Spells: 6/6 levels left

rFire    . . .     SeeInvis .   a - +2 dagger
rCold    + . .     Faith    .   (no shield)
rNeg     . . .     Spirit   .   (helmet restricted)
rPois    .         Reflect  .   (no amulet)
rElec    .         Harm     .   j - +6 ring of dexterity
rCorr    .         Rampage  .   o - +4 ring of slaying
Will     .....                  p - ring of protection from cold
Stlth    +++++.....             (no ring)
HPRegen  0.15/turn              (no ring)
MPRegen  0.10/turn              (no ring)
                                (no ring)
                                (no ring)

@: no status effects
A: almost no armour, amphibious, 8 rings, camouflage 1, gelatinous body 1,
(nimble swimmer 1), tentacles
a: no special abilities


You were on level 4 of the Dungeon.
You visited 1 branch of the dungeon, and saw 4 of its levels.

You collected 165 gold pieces.

Inventory:

Hand Weapons
 a - a +2 dagger (weapon)
 t - a +0 rapier of flaming
Missiles
 b - 6 poisoned darts (quivered)
 c - 2 curare-tipped darts
Jewellery
 j - a +6 ring of dexterity (left tentacle)
 o - a +4 ring of slaying (right tentacle)
 p - a ring of protection from cold (on tentacle)
 r - a ring of wizardry
Scrolls
 e - 2 scrolls of amnesia
 i - a scroll of identify
 m - a scroll of summoning
 n - a scroll of blinking
Potions
 g - 2 potions of flight
 k - 2 potions of might {unknown}
 q - a potion of cancellation {unknown}
 s - a potion of ambrosia {unknown}
 u - a potion of magic {unknown}
 v - a potion of curing {unknown}


   Skills:
 - Level 2.0 Fighting
 * Level 4.8 Short Blades
 + Level 5.9 Throwing
 + Level 1.3 Dodging
 - Level 8.0 Stealth


You had 6 spell levels left.
You didn't know any spells.
Your spell library was empty.

Dungeon Overview and Level Annotations

Branches:
Dungeon (4/15)
 Temple: D:4-7

Altars:

Annotations:
D:4 2 transporters


Innate Abilities, Weirdness & Mutations

You cannot wear most types of armour.
You are amphibious.
You can wear up to eight rings at the same time.
Your skin changes colour to match your surroundings (Stealth+).
Your rubbery body absorbs attacks. (AC +1, EV +1)
((You are camouflaged near water. (Stealth+)))
You have tentacles for arms and can constrict up to eight enemies at once.


Message History

The shadow imp shouts!
The shadow imp moves out of view.
Your goblin dissolves into shadows!
You see here 3 gold pieces.
Your goblin dissolves into shadows!
The shadow imp hits you.
You hit the shadow imp but do no damage.
You grab the shadow imp. You squeeze the shadow imp.
The shadow imp is moderately wounded.
You constrict the shadow imp.
Your adder bites the shadow imp.
The shadow imp is poisoned.
Your adder poisons the shadow imp!
The shadow imp hits you.
You hit the shadow imp.
You kill the shadow imp!
Your adder dissolves into shadows!
You now have 153 gold pieces (gained 3).
You see here a +0 longbow.
You now have 165 gold pieces (gained 12).
Found 32 sling bullets.
An ogre comes into view. It is wielding a +0 giant club.
The ogre shouts!
The ogre barely misses you.
You puncture the ogre! You squeeze the ogre.
The ogre is heavily wounded.
You barely miss the ogre. Your squeeze misses the ogre.
The ogre is heavily wounded.
The ogre hits you with a +0 giant club!
You barely miss the ogre.
The ogre is heavily wounded.
You hit the ogre.
The ogre is severely wounded.
The ogre hits you with a +0 giant club!!
Ouch! That really hurt!
* * * LOW HITPOINT WARNING * * *
You hit the ogre.
The ogre is almost dead.
You hit the ogre.
The ogre is almost dead.
The ogre hits you with a +0 giant club!!
You die...

....................#
......≈≈≈≈≈≈........#
.....≈≈####≈≈.......#
.....≈## ##≈.....###
.....≈# #≈....#8*
#....≈# #≈.....##
.....≈## ##≈......#
.....≈≈####≈≈....O.#
.(....≈≈≈≈≈≈....@..#
............(......#
..##..........##..##
.).#..........#..##
................##
.........#.....##
........#8#...##
..........#####
.>##......#


You could see an ogre.

Vanquished Creatures
  Pikel (D:4)
  An ogre (D:4)
  A scorpion (D:4)
  A hound (D:4)
  An adder (D:4)
  A shadow imp (D:4)
  A worm (D:2)
  7 orcs (D:4)
  3 bats
  6 endoplasms
  8 giant cockroaches
  6 goblins
  7 hobgoblins
  4 jackals (D:1)
  7 kobolds
  5 quokkas
  7 ball pythons
  A frilled lizard (D:1)
  4 rats
72 creatures vanquished.

Notes
Turn   | Place    | Note
-------+----------+-------------------------------------------
     0 | D:1      | Araneus the Octopode Brigand began the quest for the Orb.
     0 | D:1      | Reached XP level 1. HP: 14/14 MP: 1/1
    98 | D:1      | Reached skill level 6 in Stealth
    98 | D:1      | Reached XP level 2. HP: 7/19 MP: 2/2
   913 | D:1      | Reached XP level 3. HP: 24/24 MP: 3/3
  1007 | D:1      | Found a faded altar of an unknown god.
  2320 | D:3      | Reached XP level 4. HP: 29/29 MP: 4/4
  2365 | D:3      | Reached skill level 7 in Stealth
  2883 | D:4      | Noticed Pikel
  2885 | D:4      | Noticed a lemure
  2887 | D:4      | Noticed a lemure
  2890 | D:4      | Noticed a lemure
  2890 | D:4      | Noticed a lemure
  2893 | D:4      | Killed Pikel
  2894 | D:4      | Reached skill level 5 in Throwing
  2894 | D:4      | Reached skill level 8 in Stealth
  2894 | D:4      | Reached XP level 5. HP: 34/34 MP: 5/5
  2894 | D:4      | Reached XP level 6. HP: 39/39 MP: 6/6
  2894 | D:4      | Reached XP level 7. HP: 45/45 MP: 7/7
  3072 | D:4      | Found a transporter.
  3130 | D:4      | Found a transporter.
  3488 | D:4      | Mangled by an ogre

Illustrated notes

Levels and vault maps discovered:
D:1:      saegor_arrival_simple_b, layout_loops_ring,
          dreamdust_ecumenical_altar_statues
D:2:      layout_loops_corners
D:3:      layout_basic
D:4:      gammafunk_steamed_eel, layout_cave_pools, led_sif_pool,
          hangedman_feature_mirror, kennysheep_decorative_pillar, uniq_pikel

Skill      XL: |  1  2  3  4 |
---------------+-------------+-----
Stealth        | 6 8 |  8.0
Short Blades   | 4 |  4.8
Throwing       | 5 |  5.9
Fighting       | |  2.0
Dodging        | |  1.3

Action                   |  1- 3 |  4- 6 |  7- 9 || total
-------------------------+-------+-------+-------++-------
Melee: Dagger            |    62 |    20 |    28 ||   110
       Tentacles         |    10 |     5 |     4 ||    19
       Constrict         |    10 |     7 |     4 ||    21
Throw: Dart              |    20 |    17 |       ||    37
  Use: Scroll            |       |       |     8 ||     8
 Stab: Sleeping          |    21 |     4 |     5 ||    30
Armor: Skin              |     3 |       |       ||     3
Dodge: Dodged            |    20 |     6 |     7 ||    33
